 Dungeon Crawl Stone Soup version 0.28-a0-265-g048bc9fd10 (webtiles) character file.

Game seed: 11259655824460345591

20452 robertstho the Thaumaturge (level 13, -36/90 HPs)
             Began as a Djinni Fire Elementalist on Aug 27, 2021.
             Was an Initiate of Gozag.
             Annihilated by an entropy weaver simulacrum (42 damage)
             ... in an ice cave.
             The game lasted 00:21:03 (16982 turns).

robertstho the Thaumaturge (DjFE)                  Turns: 16982, Time: 00:21:03

Health: -36/90     AC:  6    Str:  7    XL:     13   Next: 12%
Gold:   279        EV: 14    Int: 23    God:    Gozag SH:  0 Dex: 16

rFire   + + +      SeeInvis .   n - +2 falchion (holy)
rCold   x . .      Faith    .   (no shield)
rNeg    . . .      Spirit   .   o - +1 robe of a Labyrinth {rElec rF+ Int+3}
rPois   ∞          Reflect  .   J - +2 hat
rElec   +          Harm     .   (no cloak)
rCorr   .          Rampage  .   H - +0 pair of gloves
Will    ++...                   (boots unavailable)
Stlth   +++.......              (no amulet)
HPRegen 0.25/turn               p - ring of protection from fire
MPRegen 0.00/turn               e - ring of Boskaqom {Wiz +Blink Will+}

@: flying, studying Spellcasting
A: sickness immunity, fire resistance 2, cold vulnerability 1, float, innate
caster, hp casting, extra vitality 1
a: Renounce Religion, Evoke Blink, Potion Petition, Call Merchant, Bribe Branch


You were in an ice cave.
You worshipped Gozag.
Gozag was aware of your devotion.
You visited 1 branch of the dungeon, and saw 12 of its levels.
You visited 1 bazaar.
You also visited: Sewer and Ice Cave.

You collected 1992 gold pieces.
You spent 1649 gold pieces at shops.
You paid 64 gold pieces to Gozag.

Inventory:

Hand Weapons
 n - a +2 falchion of holy wrath (weapon)
Missiles
 i - 2 throwing nets
Armour
 o - the +1 robe of a Labyrinth (worn) {rElec rF+ Int+3}
   (You bought it in a shop in a bazaar)

   Int:       It affects your intelligence (+3).
   rF:        It protects you from fire.
   rElec:     It insulates you from electricity.
 s - a +0 kite shield
 H - a +0 pair of gloves (worn)
 J - a +2 hat (worn)
Jewellery
 c - an amulet of regeneration
 e - the ring of Boskaqom (right hand) {Wiz +Blink Will+}
   (You bought it in a shop in a bazaar)

   [ring of wizardry]

   It improves your spell success rate.
   +Blink:    It lets you blink.
   Will:      It increases your willpower.
 h - a ring of fire
 p - a ring of protection from fire (left hand)
 D - a ring of resist corrosion
 I - a ring of ice
Wands
 a - a wand of polymorph (5)
 l - a wand of iceblast (10)
Scrolls
 b - a scroll of summoning
 d - 2 scrolls of fog
 j - 8 scrolls of teleportation
 k - 2 scrolls of silence {unknown}
 q - 3 scrolls of fear {unknown}
 t - 2 scrolls of enchant armour
 u - a scroll of acquirement
 v - a scroll of blinking
 x - a scroll of brand weapon
 y - a scroll of vulnerability
 G - a scroll of torment
Potions
 f - 5 potions of heal wounds
 g - 3 potions of brilliance
 m - 3 potions of flight {unknown}
 r - 6 potions of curing {unknown}
 w - 3 potions of invisibility {unknown}
 A - 2 potions of mutation {unknown}
 B - a potion of haste {unknown}
 C - 2 potions of cancellation {unknown}
 E - a potion of might
 F - a potion of ambrosia


   Skills:
 * Level 7.4 Fighting
 + Level 2.2(2.6) Short Blades
 + Level 2.1(2.6) Long Blades
 + Level 2.3 Armour
 + Level 5.2 Dodging
 + Level 4.8 Stealth
 + Level 2.3 Shields
 + Level 0.4 Unarmed Combat
 * Level 14.0 Spellcasting
 + Level 2.3 Evocations


You had 6 spell levels left.
You knew the following spells:

 Your Spells              Type           Power      Damage    Failure   Level
a - Foxfire               Conj/Fire      100%       2x1d9     0%          1
b - Conjure Flame         Conj/Fire      69%        6-21      1%          3
c - Inner Flame           Hex/Fire       69%        N/A       1%          3
d - Sticky Flame          Conj/Fire      69%        2d8       1%          4
e - Fireball              Conj/Fire      34%        3d14      1%          5
f - Pain                  Necr           100%       1d9       0%          1
g - Corpse Rot            Necr/Air       N/A        N/A       0%          2
h - Frozen Ramparts       Ice            100%       1d12      1%          3
i - Portal Projectile     Hex/Tloc       100%       N/A       1%          3
j - Cause Fear            Hex            34%        N/A       1%          4
k - Lee's Rapid Deconstr  Erth           34%        3d18*     1%          5
Your spell library was empty.

Dungeon Overview and Level Annotations

Branches:
Dungeon (12/15)            Temple (0/1) D:5            Lair (0/6) D:8
  Sewer (visited)           IceCv (1/1)
    Orc: D:9-12

Altars:
Cheibriados
Gozag
Kikubaaqudgha
Qazlal
Sif Muna
Xom
Yredelemnul
Jiyva

Shops:
D:10 **[

Annotations:
D:8 3 runed translucent doors, SkeletonJelly's ghost, novice DrCK
D:9 1 runed translucent door, frimble's ghost, journeyman GnWn


Innate Abilities, Weirdness & Mutations

You are immune to sickness and miasma.
You are immune to poison.
Your flesh is very heat resistant. (rF++)
You are vulnerable to cold. (rC-)
You float through the air rather than walking.
You learn spells naturally, not from books.
Your magical power is your life essence.
You have superior vitality. (+4 HP)


Message History

Press: ? - help, Shift-Dir - straight line, f/p - dire elephant simulacrum
Aim: a dire elephant simulacrum (severely damaged, 100% to hit)
The sticky flame hits the dire elephant simulacrum!
The dire elephant simulacrum melts!
The dire elephant simulacrum vaporises!
You hear a sizzling sound!
Your Spellcasting skill increases to level 14!
You now have 279 gold pieces (gained 6).
There is an open door here.
You reach down and open the door.
An entropy weaver simulacrum comes into view.
Casting: Sticky Flame (safe; 1% risk of failure)
Confirm with . or Enter, or press ? or * to list all spells.
Aiming: Fireball (safe; 1% risk of failure)
Press: ? - help, Shift-Dir - straight line, f - entropy weaver simulacrum
Aim: an entropy weaver simulacrum (wandering, hasn't noticed you)
The fireball explodes!
The fireball engulfs the entropy weaver simulacrum!!
The entropy weaver simulacrum melts!
The entropy weaver simulacrum is almost destroyed.
Casting: Fireball (safe; 1% risk of failure)
Confirm with . or Enter, or press ? or * to list all spells.
Aiming: Sticky Flame (safe; 1% risk of failure)
Press: ? - help, Shift-Dir - straight line, f/p - entropy weaver simulacrum
Aim: an entropy weaver simulacrum (almost destroyed, 100% to hit)
The sticky flame hits the entropy weaver simulacrum but does no damage.
The entropy weaver simulacrum is almost destroyed.
The entropy weaver simulacrum is covered in liquid flames!
The entropy weaver simulacrum burns!
The entropy weaver simulacrum hits you!
The entropy weaver simulacrum freezes you!!
You feel a terrible chill! The entropy weaver simulacrum hits you.
The entropy weaver simulacrum freezes you!!
You feel a terrible chill!
* * * LOW HITPOINT WARNING * * *
The entropy weaver simulacrum hits you!
* * * LOW HITPOINT WARNING * * *
The entropy weaver simulacrum freezes you!!!
You feel a terrible chill!
You die...
Your body crumbles into a pile of gold.

+.......+
#.8...8.#
+.......+
###.8...8.##
..........
#.8...8.###
+.......Z.#
#.8...8@###
+.......'.#
#+#...#'###
#...#.# #...###
#...# ##+#...#
## #⌠[##'##[⌠#
###.4#...#4.###


You could see an entropy weaver simulacrum (burning).

Vanquished Creatures
  Josephine (D:10)
  A hydra (D:10)
  2 two-headed ogres (D:12)
  2 cyclopes
  A gargoyle (D:12)
  2 ice statues (IceCv)
  An entropy weaver simulacrum (IceCv)
  2 rime drakes (D:12)
  3 ice devils (IceCv)
  A troll (D:7)
  Prince Ribbit (D:8)
  A dire elephant simulacrum (IceCv)
  4 wraiths (D:10)
  A wyvern (D:9)
  9 yaks
  A steam dragon (D:9)
  2 vampire mosquitoes (D:10)
  2 acid dragons
  3 water moccasins
  An ice beast (D:6)
  Purgy (Sewer)
  5 orc warriors
  A black bear (D:4)
  4 ogres
  4 centaurs
  A phantom (D:6)
  4 kobold brigands
  2 bullfrogs (D:7)
  A wyvern zombie (D:5)
  2 scorpions
  3 wights (D:7)
  8 killer bees
  6 howler monkeys
  2 centaur skeletons (D:7)
  3 centaur zombies
  3 orc priests
  3 hounds
  3 iguanas
  A spriggan simulacrum (IceCv)
  5 orc wizards
  A polar bear simulacrum (IceCv)
  A troll simulacrum (IceCv)
  A hound skeleton (D:4)
  5 gnolls
  14 adders
  A howler monkey skeleton (D:4)
  A naga simulacrum (IceCv)
  2 white imps (D:6)
  A dart slug (D:1)
  31 orcs
  14 ball pythons
  7 endoplasms
  6 giant cockroaches
  8 goblins
  12 hobgoblins
  5 jackals
  5 quokkas
  7 bats
  2 frilled lizards
  A jackal skeleton (D:4)
  24 kobolds
  4 rats (D:2)
256 creatures vanquished.

Vanquished Creatures (collateral kills)
  A foxfire (D:3)
1 creature vanquished.

Vanquished Creatures (others)
  783 foxfires
  2 fungi (D:8)
  4 plants (D:8)
  4 toadstools (D:3)
793 creatures vanquished.

Grand Total: 1050 creatures vanquished

Notes
Turn   | Place    | Note
-------+----------+-------------------------------------------
     0 | D:1      | robertstho the Djinni Fire Elementalist began the quest for
                  | the Orb.
     0 | D:1      | Reached XP level 1. HP: 15/15 MP: 0/0
    26 | D:1      | Reached XP level 2. HP: 7/21 MP: 0/0
   342 | D:1      | Reached skill level 3 in Spellcasting
   659 | D:1      | Reached XP level 3. HP: 17/25 MP: 0/0
   659 | D:1      | Learned a level 1 spell: Pain
  1731 | D:2      | Reached XP level 4. HP: 21/31 MP: 0/0
  2204 | D:2      | Found a snail-covered altar of Cheibriados.
  2579 | D:2      | Reached XP level 5. HP: 35/36 MP: 0/0
  2579 | D:2      | Learned a level 2 spell: Corpse Rot
  2654 | D:2      | Reached skill level 4 in Spellcasting
  3418 | D:3      | Reached skill level 1 in Fighting
  3698 | D:3      | Reached XP level 6. HP: 14/42 MP: 0/0
  4585 | D:3      | Found a faded altar of an unknown god.
  5122 | D:4      | Found an opulent altar of Gozag.
  5142 | D:4      | Became a worshipper of Gozag Ym Sagoz the Greedy
  5357 | D:4      | Noticed an ogre
  5364 | D:4      | Killed an ogre
  5365 | D:4      | Reached skill level 5 in Spellcasting
  5365 | D:4      | Reached XP level 7. HP: 41/49 MP: 0/0
  5365 | D:4      | Learned a level 3 spell: Frozen Ramparts
  5472 | D:4      | Noticed a water moccasin
  5483 | D:4      | Killed a water moccasin
  5750 | D:4      | Reached skill level 6 in Spellcasting
  6232 | D:4      | Reached XP level 8. HP: 48/55 MP: 0/0
  6305 | D:5      | Entered Level 5 of the Dungeon
  6533 | D:5      | Found a staircase to the Ecumenical Temple.
  7026 | D:5      | Found a glowing drain.
  7045 | Sewer    | Entered a sewer
  7207 | Sewer    | Noticed Purgy
  7211 | Sewer    | Killed Purgy
  7426 | D:5      | Identified the +0 pair of boots "Put-Me-On" {*Corrode rN+
                  | Regen+}
  7508 | D:5      | Reached skill level 7 in Spellcasting
  8284 | D:6      | Reached XP level 9. HP: 56/61 MP: 0/0
  8284 | D:6      | Learned a level 3 spell: Portal Projectile
  9388 | D:7      | Reached skill level 8 in Spellcasting
  9847 | D:7      | Noticed a troll
  9856 | D:7      | Killed a troll
 10325 | D:8      | Reached skill level 9 in Spellcasting
 10348 | D:8      | Noticed a cyclops
 10351 | D:8      | Killed a cyclops
 10352 | D:8      | Reached XP level 10. HP: 16/69 MP: 0/0
 10642 | D:8      | Found a stormy altar of Qazlal.
 10760 | D:8      | Found a runed translucent gate.
 10761 | D:8      | Found a runed translucent gate.
 10762 | D:8      | Found a runed translucent gate.
 10764 | D:8      | Noticed SkeletonJelly's ghost (novice DrCK)
 10816 | D:8      | Found a viscous altar of Jiyva.
 10937 | D:8      | Found a staircase to the Lair.
 10951 | D:8      | Noticed Prince Ribbit
 10955 | D:8      | Killed Prince Ribbit
 11489 | D:9      | Noticed a harpy
 11491 | D:9      | Noticed a cyclops
 11530 | D:9      | Noticed a cane toad
 11691 | D:9      | Found a runed translucent door.
 11698 | D:9      | Noticed frimble's ghost (journeyman GnWn)
 11745 | D:9      | Reached skill level 5 in Fighting
 11754 | D:9      | Reached skill level 10 in Spellcasting
 12547 | D:9      | Found the +6 lightning scales {swift, rElec}
 13039 | D:10     | Entered Level 10 of the Dungeon
 13053 | D:10     | Noticed an eight-headed hydra
 13351 | D:10     | Found Geedaf's General Store.
 13359 | D:10     | Bought a scroll of fog for 26 gold pieces
 13359 | D:10     | Bought a scroll of teleportation for 39 gold pieces
 13405 | D:10     | Reached XP level 11. HP: 11/76 MP: 0/0
 13405 | D:10     | Learned a level 4 spell: Cause Fear
 13410 | D:10     | Noticed Josephine
 13716 | D:10     | Found Esitois's Armour Boutique.
 13733 | D:10     | Killed Josephine
 13734 | D:10     | Reached skill level 11 in Spellcasting
 14452 | D:10     | HP: 3/76 [eight-headed hydra (5)]
 14454 | D:10     | Killed an eight-headed hydra
 14898 | D:10     | Found Beaquz's Assorted Antiques.
 14901 | D:10     | Bought a silvery potion for 27 gold pieces
 14901 | D:10     | Bought an embroidered hat for 210 gold pieces
 14915 | D:10     | Identified a scroll of acquirement
 14921 | D:10     | Acquired a manual of Spellcasting
 15192 | D:10     | Found a shimmering altar of Xom.
 15193 | D:10     | Found a basalt altar of Yredelemnul.
 15250 | D:11     | Noticed a cyclops
 15254 | D:11     | Killed a cyclops
 15255 | D:11     | Reached skill level 12 in Spellcasting
 15344 | D:11     | Found a flickering gateway to a bazaar.
 15380 | Bazaar   | Entered a bazaar
 15382 | Bazaar   | Found Unlier Ywae's Jewellery Boutique.
 15386 | Bazaar   | Found Safebet's Antique Armour Boutique.
 15386 | Bazaar   | Found Lingatao's Assorted Antiques.
 15387 | Bazaar   | Found Baysikk's General Store.
 15392 | Bazaar   | Bought a scroll of noise for 10 gold pieces
 15423 | Bazaar   | Bought the ring of Boskaqom {Wiz +Blink Will+} for 694 gold
                  | pieces
 15429 | Bazaar   | Bought a potion of experience for 500 gold pieces
 15429 | Bazaar   | Bought a scroll of blinking for 75 gold pieces
 15429 | Bazaar   | Reached skill level 5 in Dodging
 15429 | Bazaar   | Reached XP level 12. HP: 85/85 MP: 0/0
 15435 | Bazaar   | Bought a thick robe for 68 gold pieces
 15435 | Bazaar   | Identified the +1 robe of a Labyrinth {rElec rF+ Int+3}
                  | (You bought it in a shop in a bazaar)
 15522 | D:11     | Noticed a boulder beetle
 15525 | D:12     | Noticed a two-headed ogre
 15527 | D:12     | Killed a two-headed ogre
 15577 | D:12     | Noticed a two-headed ogre
 15580 | D:12     | Noticed a four-headed hydra
 15580 | D:12     | Killed a two-headed ogre
 15581 | D:12     | Reached skill level 13 in Spellcasting
 16108 | D:12     | Found a frozen archway.
 16115 | IceCv    | Entered an ice cave
 16127 | IceCv    | Reached XP level 13. HP: 63/90 MP: 0/0
 16127 | IceCv    | Learned a level 5 spell: Lee's Rapid Deconstruction
 16942 | IceCv    | Reached skill level 14 in Spellcasting
 16982 | IceCv    | Annihilated by an entropy weaver simulacrum

Illustrated notes

Levels and vault maps discovered:
D:1:      minmay_arrival_shoal_huts, layout_basic, corexii_corridor_pit,
          minmay_fountain_box
D:2:      layout_loops_cross, basic_altar
D:3:      layout_basic, nicolae_sif_muna_condensation, lemuel_doored_altar,
          hellmonk_ecumenical_altar_slurped_away,
          hangedman_abyss_or_decor_stabs, minmay_gold_behind_fungi,
          lightli_corner_chamber
D:4:      minmay_bubble_buster, layout_basic, grunt_gozag_statues,
          amcnicky_mini_corridor_feature
D:5:      layout_rooms, minmay_temple_entry_trees, gup_sewer_entry_pipe
D:6:      layout_gridville
D:7:      layout_basic, chequers_mini_garden, grunt_ogre_cave
D:8:      layout_rooms, nicolae_qazlal_general_emergency, dpeg_oklobed_lair,
          gammafunk_ghost_ooze, minmay_unpleasant_kobolds, uniq_prince_ribbit1
D:9:      layout_irregular_city, ebering_ghost_inner_flame,
          onia_ninara_dug_in_and_dangerous
D:10:     layout_loops_cross, gammafunk_temple_overflow_statue, serial_shops,
          shop, nicolae_shop_behind_doors, shop, uniq_josephine
D:11:     minmay_inner_zag, layout_cave_pools, serial_glass, glass_columns_a,
          glass_columns_b, serial_shops, bzr_entry_islet, trog_butcher_becter
D:12:     minmay_the_grid_3x3 [minmay_the_grid_small_cups,
          minmay_the_grid_broken_lines, minmay_the_grid_paths,
          minmay_the_grid_fan, minmay_the_grid_spikes,
          minmay_the_grid_minigrid_small_alt, minmay_the_grid_slots,
          minmay_the_grid_outer_diamond, minmay_the_grid_prize_diamond_cup],
          layout_basic, portal_ice_cave_rime, serial_glass, glass_columns_c,
          glass_columns_a
IceCv:    ice_cave_tombish

Skill      XL: |  1  2  3  4  5  6  7  8  9 10 11 12 13 |
---------------+----------------------------------------+-----
Spellcasting   | 3 4 5 6 7 9 10 12 13 14 | 14.0
Fighting       | 1 2 3 4 5 7 |  7.4
Stealth        | 2 3 4 |  4.8
Dodging        | 3 4 5 |  5.2
Short Blades   | 2 |  2.2
Long Blades    | 2 |  2.1
Armour         | 2 |  2.3
Shields        | 2 |  2.3
Evocations     | 2 |  2.3
Unarmed Combat | |  0.4

Action                   |  1- 3 |  4- 6 |  7- 9 | 10-12 | 13-15 || total
-------------------------+-------+-------+-------+-------+-------++-------
Melee: Unarmed           |       |     3 |       |       |       ||     3
       Falchion          |       |       |     5 |       |       ||     5
 Cast: Foxfire           |    86 |   158 |   236 |       |       ||   480
       Sticky Flame      |       |     2 |    17 |    16 |     3 ||    38
       Fireball          |       |       |     8 |   103 |    10 ||   121
       Lee's Rapid Decon |       |       |       |       |     3 ||     3
  Use: Scroll            |       |       |       |    14 |     1 ||    15
       Potion            |       |       |       |     1 |       ||     1
 Stab: Sleeping          |       |       |     1 |       |       ||     1
Armor: Robe              |     3 |     3 |     1 |     7 |       ||    14
Dodge: Dodged            |     3 |    15 |    26 |    17 |     3 ||    64

Table legend: (Time is in decaauts)
 A = Elapsed time spent in this place.
 B = Non-inter-level travel time spent in this place.
 C = Inter-level travel time spent in this place.
 D = Time resting spent in this place.
 E = Time spent auto-exploring this place.
 F = Levels seen in this place.
 G = Mean time per level.
                   A        B        C        D        E       F      G
               +--------+--------+--------+--------+--------+-----+--------+
         Total |  16984 |  16557 |    427 |   2790 |  12098 |  15 | 1132.3 |
       Dungeon |  15683 |  15256 |    427 |   2082 |  11642 |  12 | 1306.9 |
        Bazaar |     70 |     70 |      0 |      0 |     28 |   1 |   70.0 |
         Sewer |    363 |    363 |      0 |      0 |    318 |   1 |  363.0 |
      Ice Cave |    866 |    866 |      0 |    708 |    110 |   1 |  866.0 |
               +--------+--------+--------+--------+--------+-----+--------+

Top non-repeatable levels by time:
    D:10: 1941 daAuts
     D:9: 1799 daAuts
     D:1: 1725 daAuts
     D:2: 1572 daAuts
     D:5: 1548 daAuts
     D:4: 1513 daAuts
     D:3: 1493 daAuts
     D:7: 1202 daAuts
     D:8: 1140 daAuts
     D:6: 953 daAuts
   IceCv: 866 daAuts
    D:12: 586 daAuts
   Sewer: 363 daAuts
    D:11: 207 daAuts
  Bazaar: 70 daAuts
